 Dungeon Crawl Stone Soup version 0.31.0-9-g3a7656b989 (webtiles) character file.

Game seed: 12425181091787765184

28 Armakuni the Ducker (level 3, 0/22 HPs)
             Began as a Deep Elf Gladiator on Jan 25, 2024.
             Slain by a cyan very ugly thing (22 damage)
             ... on level 1 of the Abyss.
             The game lasted 00:01:33 (538 turns).

Armakuni the Ducker (Deep Elf Gladiator)             Turns: 538, Time: 00:01:34

Health: 0/22       AC:  4    Str: 13    XL:     3   Next: 0%
Magic:  5/5        EV: 13    Int: 12    God:
Gold:   49         SH:  0    Dex: 16    Spells: 2/2 levels left

rFire   . . .        a - +0 quarterstaff
rCold   . . .        (shield currently unavailable)
rNeg    . . .        b - +0 leather armour
rPois   .            c - +0 helmet
rElec   .            (no cloak)
rCorr   +            (no gloves)
SInv    .            (no boots)
Will    .....        (no amulet)
Stlth   +            K - ring of resist corrosion
HPRegen 0.23/turn    (no ring)
MPRegen 0.09/turn

%: no passive effects
@: weak-willed
A: no striking features
a: no special abilities


You were on level 1 of the Abyss.
You visited 1 branch of the dungeon, and saw 2 of its levels.
You visited the Abyss 1 time.

You collected 49 gold pieces.

Inventory:

Hand Weapons
 a - a +0 quarterstaff (weapon)
Missiles
 e - a javelin
Armour
 b - a +0 leather armour (worn)
 c - a +0 helmet (worn)
Jewellery
 K - a ring of resist corrosion (left hand)


   Skills:
 + Level 2.9 Fighting
 - Level 3.0 Staves
 - Level 2.0 Throwing
 - Level 3.6 Dodging


You had 2 spell levels left.
You didn't know any spells.
Your spell library contained the following spells:

 Spells                   Type           Power      Damage    Failure   Level
 Magic Dart               Conj           0%         1d3       38%         1
 Blink                    Tloc           0%         N/A       54%         2
 Call Imp                 Summ           0%         N/A       54%         2


Dungeon Overview and Level Annotations

Branches:
Dungeon (2/15)

Altars:


Message History

The frilled lizard barely misses you.
You miss the frilled lizard. The frilled lizard closely misses you.
The dart slug launches a dart at you. The slug dart misses you.
There is a stone staircase leading up here.
Press: ? - help, v - describe, . - travel
Here: a goblin, wielding a +0 dagger of distortion The floor.
Unknown command.
You barely miss the frilled lizard. The frilled lizard closely misses you.
The quokka closely misses you.
You miss the frilled lizard.
The quokka bites you but does no damage.
The frilled lizard hisses.
The frilled lizard closely misses you.
Throw: throwing net
Press: ? - help, Q - select action, (/) - cycle Shift-Dir - straight line, f - goblin
Aim: a goblin, wielding a +0 dagger of distortion (51% to hit)
You throw a throwing net.
The throwing net closely misses the goblin.
The quokka bites you but does no damage.
The frilled lizard bites you but does no damage.
The goblin hits you but does no damage.
You are cast into the Abyss!
This branch contains the abyssal rune of Zot.
Unknown command.
A cyan very ugly thing comes into view. x2
The cyan very ugly thing gurgles horribly!
You hear a horrible gurgling sound!
It was a potion of heal wounds.
You feel much better.
As you read the scroll labelled JENKETETEO, it crumbles to dust.
A wave of despondency washes over your surroundings.
It was a scroll of vulnerability.
The cyan very ugly thing kicks you but does no damage.
Sorry, you're not good enough to have a special ability.
Unknown command.
The cyan very ugly thing attacks as it pursues you!
The cyan very ugly thing kicks you!!
Ouch! That really hurt!
You die...

#. #....#..#.... ...
#.#
##..#..#...........
#.#
.#........#...... .#
#.#..
...............
..##.#.
#.#...#...... .
......##.#.#...# . .
#.#.#..#.#.....##.##
## #....##...#..#.#
.# #..@u..#..#....#
#...####..#. .#.#
#..#.. #...##.#..#
#..#...# ###..#.#...
#...##.#.
.#.##.....# #..
.##.. .. ..#######
#. # ##u.. ### ##
...# .u .


You could see a cyan very ugly thing (weak-willed).

Vanquished Creatures
  A gnoll (D:1)
  2 dart slugs (D:1)
  A giant cockroach (D:1)
  2 goblins (D:1)
  2 hobgoblins (D:1)
  A kobold (D:1)
  3 ball pythons (D:1)
  A bat (D:1)
  3 frilled lizards (D:1)
  A rat (D:1)
17 creatures vanquished.

Notes
Turn   | Place    | Note
-------+----------+-------------------------------------------
     0 | D:1      | Armakuni the Deep Elf Gladiator began the quest for the
                  | Orb.
     0 | D:1      | Reached XP level 1. HP: 12/12 MP: 3/3
    85 | D:1      | Reached XP level 2. HP: 11/17 MP: 4/4
   473 | D:1      | Reached XP level 3. HP: 22/22 MP: 5/5
   518 | Abyss:1  | Cast into level 1 of the Abyss (goblin)
   526 | Abyss:1  | Noticed a cyan very ugly thing
   526 | Abyss:1  | Noticed a cyan very ugly thing
   538 | Abyss:1  | Slain by a cyan very ugly thing

Illustrated notes

Levels and vault maps discovered:
D:1:      minmay_arrival_statue_studded, layout_basic, minmay_split_cup_small
D:2:      minmay_door_path, layout_rooms, minmay_pentomino_p2
Abyss:1:  base:
D:2

Skill      XL: |  1 |
---------------+----+-----
Fighting       | 2 |  2.9
Staves         | |  3.0
Throwing       | |  2.0
Dodging        | |  3.6

Action                     || total
---------------------------++-------
  Melee: Quarterstaff      ||    40
  Throw: Throwing net      ||     4
    Use: Scroll            ||     2
         Potion            ||     1
   Stab: Held in net/web   ||     1
 Armour: Leather armour    ||    19
  Dodge: Dodged            ||    29
